 Dungeon Crawl Stone Soup version 0.30.0 (webtiles) character file.

Game seed: 2183012017021566454

1046 jimonade the Twirler (level 8, 0/62 HPs)
             Began as a Formicid Fighter on May 6, 2023.
             Slain by a sky beast (5 damage)
             ... on level 6 of the Dungeon.
             The game lasted 00:10:22 (4150 turns).

jimonade the Twirler (Formicid Fighter)             Turns: 4150, Time: 00:10:23

Health: 0/62       AC: 12    Str: 20    XL:     8   Next: 50%
Magic:  8/8        EV:  6    Int: 11    God:
Gold:   374        SH:  5    Dex: 13    Spells: 7/7 levels left

rFire   . . .        a - +0 quarterstaff
rCold   . . .        c - +0 buckler
rNeg    . . .        C - +0 plate armour
rPois   .            (helmet unavailable)
rElec   .            (no cloak)
rCorr   .            (no gloves)
SInv    +            (no boots)
Will    .....        (no amulet) Stlth
                     (no ring)
HPRegen 0.30/turn    (no ring)
MPRegen 0.11/turn

%: no passive effects
@: no status effects
A: permanent stasis, dig shafts and tunnels, antennae 3, four strong arms
a: Dig, Shaft Self


You were on level 6 of the Dungeon.
You visited 2 branches of the dungeon, and saw 7 of its levels.

You collected 374 gold pieces.

Inventory:

Hand Weapons
 a - a +0 quarterstaff (weapon)
 k - a +0 quarterstaff
 s - a +0 sling
Missiles
 r - 6 javelins
Armour
 b - a +0 scale mail
 c - a +0 buckler (worn)
 C - a +0 plate armour (worn)
Wands
 w - a wand of mindburst (13)
 A - a wand of light (4)
Scrolls
 e - 2 scrolls of identify
 f - 2 scrolls of poison
 n - a scroll of enchant weapon {unknown}
 o - a scroll of fear {unknown}
 q - a scroll of immolation {unknown}
 t - 2 scrolls of enchant armour {unknown}
 y - a scroll of magic mapping {unknown}
 D - a scroll of summoning {unknown}
Potions
 d - 2 potions of might
 h - 2 potions of attraction {unknown}
 i - 2 potions of lignification {unknown}
 j - 3 potions of cancellation
 l - a potion of degeneration {unknown}
 m - 2 potions of haste {unknown}
 p - a potion of mutation {unknown}
 u - 3 potions of resistance
 v - 2 potions of brilliance {unknown}
 x - a potion of curing {unknown}
 z - 2 potions of flight {unknown}
 B - a potion of invisibility


   Skills:
 + Level 5.3 Fighting
 + Level 6.5 Staves
 + Level 5.7 Armour
 + Level 1.5 Dodging
 + Level 0.7 Stealth
 + Level 5.7 Shields


You had 7 spell levels left.
You didn't know any spells.
Your spell library contained the following spells:

 Spells                   Type           Power      Damage    Failure   Level
 Hailstorm                Conj/Ice       0%         3d3       100%        3
 Stone Arrow              Conj/Erth      0%         3d7       100%        3
 Animate Armour           Summ/Erth      0%         N/A       100%        4
 Ice Form                 Ice/Tmut       0%         N/A       100%        4
 Manifold Assault         Tloc           0%         N/A       100%        4
 Dispersal                Tloc           0%         N/A       100%        6
 Simulacrum               Ice/Necr       0%         N/A       100%        6
 Disjunction              Tloc           0%         N/A       100%        8
 Lehudib's Crystal Spear  Conj/Erth      0%         10d2      100%        8


Dungeon Overview and Level Annotations

Branches:
Dungeon (6/15)             Temple (1/1) D:4

Altars:
Cheibriados
Elyvilon
Fedhas
Kikubaaqudgha
Nemelex Xobeh
Qazlal
Zin
The Shining One


Innate Abilities, Weirdness & Mutations

You cannot be hasted, slowed, berserked, paralysed or teleported.
You can dig through walls and to a lower floor.
You have a pair of large antennae on your head. (SInv)
Your four strong arms can wield two-handed weapons with a shield.


Message History

You sock the ice beast!
You kill the ice beast!
The centaur shoots an arrow.
The arrow hits you.
You barely miss the sky beast. The sky beast hits you.
The sky beast shocks you.
You hit the sky beast but do no damage.
The sky beast flickers out of sight for a moment.
The sky beast hits you. The sky beast shocks you.
The centaur shoots an arrow.
The arrow misses the sky beast.
The arrow closely misses you.
You are too injured to fight recklessly!
You are too injured to fight recklessly!
You hit the sky beast.
The sky beast is lightly wounded.
The centaur shoots an arrow.
The arrow completely misses the sky beast.
You block the arrow. The sky beast hits you. The sky beast shocks you.
* * * LOW HITPOINT WARNING * * *
You sock the sky beast!
The sky beast is moderately wounded.
The centaur shoots an arrow.
The arrow barely misses the sky beast.
The arrow hits you!
* * * LOW HITPOINT WARNING * * *
The sky beast hits you but does no damage.
You hit the sky beast but do no damage.
The sky beast is moderately wounded.
The sky beast hits you but does no damage.
The centaur shoots an arrow.
The arrow completely misses the sky beast.
The arrow hits you.
* * * LOW HITPOINT WARNING * * *
Unknown command.
Unknown command.
Unknown command.
You sock the sky beast!
The sky beast is severely wounded.
The centaur shoots an arrow.
The arrow barely misses the sky beast.
You block the arrow. The sky beast hits you.
* * * LOW HITPOINT WARNING * * *
The sky beast shocks you.
You die...

#.######## #.######## ###
## #.##...... .... .##
#.#.~~~..♣ ##..# ..#
#.##..~... .....##.#
#.##~~~.~. .....#.#
##.#...~.†# ##
........########..~~.~...≈
.+ ...
#.cY@.......>##≈~≈#~. ##
..>..#..#########..~..~.~.
Yc......#########.~..~~.♣#
.......!<.........~~~~.≈~.
.....############.#.~...~.
### ##.$# ...............#
..# #.# #######.####.###
..# ...######## #.# #.#
..# ## #......# #.# #.#


You could see a sky beast (invisible) and a centaur.

Vanquished Creatures
  An orc warrior (D:5)
  An ice beast (D:6)
  A sky beast (D:6)
  A black bear (D:4)
  An ogre (D:5)
  A scorpion (D:4)
  A killer bee (D:6)
  A howler monkey (D:5)
  A hound (D:5)
  2 orc priests (D:6)
  2 jellies
  2 iguanas
  An orc wizard (D:3)
  Robin (D:4)
  8 adders
  3 gnolls (D:5)
  An ufetubus (D:5)
  6 worms
  A dart slug (D:1)
  8 orcs
  5 bats
  6 endoplasms
  4 giant cockroaches
  6 hobgoblins
  3 jackals (D:2)
  5 quokkas
  7 ball pythons
  4 frilled lizards
  14 goblins
  7 kobolds
  4 rats
109 creatures vanquished.

Notes
Turn   | Place    | Note
-------+----------+-------------------------------------------
     0 | D:1      | jimonade the Formicid Fighter began the quest for the Orb.
     0 | D:1      | Reached XP level 1. HP: 18/18 MP: 1/1
   126 | D:1      | Reached XP level 2. HP: 24/24 MP: 2/2
   345 | D:1      | Reached XP level 3. HP: 22/30 MP: 3/3
   692 | D:2      | Reached XP level 4. HP: 37/37 MP: 4/4
  1352 | D:3      | Reached skill level 3 in Staves
  1391 | D:3      | Reached XP level 5. HP: 42/42 MP: 5/5
  1906 | D:4      | Reached skill level 4 in Staves
  1906 | D:4      | Reached XP level 6. HP: 45/49 MP: 6/6
  1988 | D:4      | Noticed Robin
  2060 | D:4      | Noticed a black bear
  2086 | D:4      | Killed a black bear
  2372 | D:4      | Killed Robin
  2432 | D:4      | Reached skill level 1 in Dodging
  2432 | D:4      | Reached XP level 7. HP: 55/55 MP: 7/7
  2661 | D:4      | Found a sparkling altar of Nemelex Xobeh.
  2699 | D:4      | Found a staircase to the Ecumenical Temple.
  2715 | Temple   | Entered the Ecumenical Temple
  2886 | D:5      | Entered Level 5 of the Dungeon
  2934 | D:5      | Reached skill level 5 in Staves
  2934 | D:5      | Reached skill level 5 in Shields
  3347 | D:5      | Reached skill level 5 in Fighting
  3477 | D:5      | Found a glowing silver altar of Zin.
  3687 | D:6      | Reached skill level 5 in Armour
  3687 | D:6      | Reached XP level 8. HP: 38/62 MP: 8/8
  3896 | D:5      | Reached skill level 6 in Staves
  4150 | D:6      | Slain by a sky beast

Illustrated notes

Levels and vault maps discovered:
D:1:      onia_arrival_pyramid, layout_rooms, nicolae_wormholes
D:2:      layout_rooms
D:3:      layout_basic
D:4:      layout_basic, nemelex_diamond_rough_becter,
          minmay_temple_entry_poolview, minivault_14, uniq_robin
D:5:      layout_basic, zin_academy
D:6:      dreamdust_elfheim, layout_basic, mainiacjoe_overflow_24_doors,
          nicolae_ru_the_path_less_chosen, gup_sewer_entry_glass, serial_shops,
          nicolae_shop_bloodbath_and_beyond, st_stairs_5,
          chequers_serial_rivers_marsh
Temple:   nicolae_temple_two_arcs

Skill      XL: |  1  2  3  4  5  6  7  8 |
---------------+-------------------------+-----
Armour         | 4 5 |  5.7
Staves         | 3 4 5 6 |  6.5
Fighting       | 4 5 |  5.3
Dodging        | 1 |  1.5
Shields        | 5 |  5.7
Stealth        | |  0.7

Action                     |  1- 3 |  4- 6 |  7- 9 || total
---------------------------+-------+-------+-------++-------
  Melee: Quarterstaff      |    71 |   161 |   105 ||   337
    Use: Scroll            |       |       |     4 ||     4
 Armour: Scale mail        |    31 |    77 |     3 ||   111
         Plate armour      |       |       |    55 ||    55
  Dodge: Dodged            |    28 |    64 |    28 ||   120
  Block: Buckler           |    24 |    25 |    26 ||    75
